 Dungeon Crawl Stone Soup version 0.26.1-2-gb8aa6d0cf2 (webtiles) character file.

Game seed: 7721383394875623253

721 iforgotmypw the Magician (level 8, -3/57 HPs)
             Began as a Human Hedge Wizard on Mar 6, 2021.
             Was an Initiate of Vehumet.
             Splashed by a jelly's acid (7 damage)
             ... on level 5 of the Dungeon on Mar 13, 2021.
             The game lasted 00:44:59 (5345 turns).

iforgotmypw the Magician (Human Hedge Wizard)       Turns: 5345, Time: 00:45:00

Health: -3/57      AC: -1    Str: 10    XL:     8   Next: 2%
Magic:  6/12       EV: 13    Int: 16    God:    Vehumet [......]
Gold:   156        SH:  0    Dex: 19    Spells: 2/13 levels left

rFire    . . .     SeeInvis +   j - +4 hand axe "Gekkyol" {vorpal, Dex+5 SInv}
rCold    . . .     Faith    .   (no shield)
rNeg     . . .     Spirit   .   b - +0 robe
rPois    .         Reflect  .   c - +0 hat
rElec    .         Harm     .   (no cloak)
rCorr    .         Rampage  .   s - +0 pair of gloves
Will     .....                  (no boots)
Stlth    ++........             (no amulet)
HPRegen  0.19/turn              (no ring)
MPRegen  0.13/turn              (no ring)

@: corroded, very slightly contaminated
A: no striking features
a: Renounce Religion


You were on level 5 of the Dungeon.
You worshipped Vehumet.
Vehumet was noncommittal.
You visited 2 branches of the dungeon, and saw 7 of its levels.

You collected 156 gold pieces.

Inventory:

Hand Weapons
 a - a +0 dagger
 j - the +4 hand axe "Gekkyol" (weapon) {vorpal, Dex+5 SInv}
   (You found it on level 4 of the Dungeon)

   It inflicts extra damage upon your enemies.
   It affects your dexterity (+5).
   It lets you see invisible.
Missiles
 l - 3 poisoned darts (quivered)
Armour
 b - a +0 robe (worn)
 c - a +0 hat (worn)
 d - a +0 ring mail
 m - a +0 leather armour
 s - a +0 pair of gloves (worn)
 u - a +4 ring mail
Scrolls
 e - a scroll of immolation {unknown}
 g - 2 scrolls of fog {unknown}
 i - a scroll of enchant armour {unknown}
 k - 4 scrolls of teleportation
 n - 5 scrolls of identify {unknown}
 t - a scroll of remove curse
Potions
 f - a potion of haste {unknown}
 o - a potion of attraction {unknown}
 p - a potion of flight {unknown}
 q - 2 potions of lignification {unknown}
 r - a potion of brilliance {unknown}


   Skills:
 - Level 2.8 Fighting
 - Level 2.8 Short Blades
 - Level 1.2 Throwing
 - Level 2.3 Dodging
 - Level 2.0 Stealth
 - Level 3.2 Spellcasting
 - Level 3.1 Conjurations
 - Level 1.0 Summonings
 - Level 1.0 Translocations
 * Level 2.9 Fire Magic
 * Level 2.9 Air Magic
 * Level 2.9 Poison Magic


You had 2 spell levels left.
You knew the following spells:

 Your Spells              Type           Power        Failure   Level
a - Magic Dart            Conj           48%          4%          1
b - Blink                 Tloc           N/A          19%         2
c - Call Imp              Summ           5%           19%         2
d - Conjure Flame         Conj/Fire      12%          16%         3
e - Mephitic Cloud        Conj/Pois/Air  12%          16%         3

Your spell library contained the following spells:

 Spells                   Type           Power        Failure   Level
 Slow                     Hex            2%           28%         2


Dungeon Overview and Level Annotations

Branches:
Dungeon (6/15)             Temple (1/1) D:6

Altars:
Cheibriados
Dithmenos
Elyvilon
Fedhas
Gozag
Hepliaklqana
Kikubaaqudgha
Makhleb
Nemelex Xobeh
Okawaru
Qazlal
Ru
Sif Muna
Trog
Uskayaw
Vehumet
Wu Jian
Xom
Yredelemnul
Zin
The Shining One

Annotations:
D:3 exclusion: door
D:6 exclusions: 3 orcs, 2 orc priests and orc wizard, Sigmund


Message History

The jelly is moderately wounded.
You feel sick.
You hit the jelly. The acid corrodes you!
Your hands burn!
* * * LOW HITPOINT WARNING * * *
The jelly is moderately wounded.
The jelly barely misses you.
Your crimson imp completely misses the jelly.
The jelly hits you.
* * * LOW HITPOINT WARNING * * *
You are splashed with acid!
* * * LOW HITPOINT WARNING * * *
Casting: Call Imp (safe; 19% risk of failure)
Confirm with . or Enter, or press ? or * to list all spells.
Okay, then.
You feel better.
Your crimson imp hits the jelly.
Your crimson imp is burned by acid!
The jelly hits you.
* * * LOW HITPOINT WARNING * * *
The acid corrodes you!
You are splashed with acid!
You die...

#.#.........#
#...!.).......
..
..#.........#
#.............
..
.##.........#
#.............
.. .
#.........#
#.............
..
............#
#.............
o.
............#
#........(....
#
............#
#[.........#
...##########
#.5........#
...
#@J(.......#
###
############


You could see a jelly and a friendly crimson imp (summoned).

Vanquished Creatures
  3 ogres
  A bullfrog (D:6)
  A scorpion (D:4)
  2 orc priests
  3 orc wizards
  A worker ant (D:4)
  A worker ant zombie (D:6)
  4 adders
  2 shadow imps
  An ooze (D:2)
  An adder skeleton (D:4)
  A worm (D:2)
  4 dart slugs (D:1)
  3 leopard geckos
  11 orcs
  2 ball pythons
  3 giant cockroaches
  9 goblins
  3 hobgoblins
  16 jackals
  3 quokkas
  5 bats
  2 frilled lizards
  4 kobolds
  A leopard gecko skeleton (D:4)
  A leopard gecko zombie (D:5)
  7 rats
95 creatures vanquished.

Vanquished Creatures (collateral kills)
  An orc wizard (D:6)
  2 hound zombies (D:6)
  4 orcs (D:6)
7 creatures vanquished.

Grand Total: 102 creatures vanquished

Notes
Turn   | Place    | Note
-------+----------+-------------------------------------------
     0 | D:1      | iforgotmypw the Human Hedge Wizard began the quest for the
                  | Orb.
     0 | D:1      | Reached XP level 1. HP: 13/13 MP: 4/4
   485 | D:1      | Reached XP level 2. HP: 19/19 MP: 0/6
   898 | D:1      | Reached XP level 3. HP: 24/24 MP: 7/7
  1352 | D:1      | Reached skill level 1 in Fighting
  1469 | D:2      | Noticed an orc warrior
  1549 | D:2      | Reached XP level 4. HP: 28/32 MP: 2/8
  2208 | D:1      | Learned a level 2 spell: Blink
  2211 | D:1      | Learned a level 2 spell: Call Imp
  2215 | D:1      | Learned a level 3 spell: Conjure Flame
  2349 | D:2      | Reached skill level 1 in Throwing
  2349 | D:2      | Reached XP level 5. HP: 24/38 MP: 1/9
  3191 | D:3      | You fall into a shaft and drop 3 floors!
  3224 | D:6      | Noticed a bullfrog
  3243 | D:6      | Killed a bullfrog
  3268 | D:6      | Noticed an ice beast
  3421 | D:6      | Reached XP level 6. HP: 19/44 MP: 5/10
  3468 | D:5      | Entered Level 5 of the Dungeon
  3906 | D:6      | Found a staircase to the Ecumenical Temple.
  3931 | D:6      | Noticed Sigmund
  3955 | Temple   | Entered the Ecumenical Temple
  4054 | Temple   | Became a worshipper of Vehumet
  4218 | D:6      | Noticed an ogre
  4501 | D:4      | Got a crystal hand axe
  4502 | D:4      | Identified the +4 hand axe "Gekkyol" {vorpal, Dex+5 SInv}
                  | (You found it on level 4 of the Dungeon)
  4513 | D:4      | Learned a level 3 spell: Mephitic Cloud
  4525 | D:4      | Noticed an ogre
  4541 | D:4      | Killed an ogre
  4542 | D:4      | Reached skill level 1 in Air Magic
  4542 | D:4      | Reached skill level 1 in Poison Magic
  4679 | D:4      | Reached XP level 7. HP: 51/51 MP: 11/11
  5262 | D:5      | Reached XP level 8. HP: 23/57 MP: 8/12
  5344 | D:5      | HP: 2/57 [acid (7)]
  5345 | D:5      | Splashed by a jelly's acid

Illustrated notes

Levels and vault maps discovered:
D:1:      dpeg_arrival_snail, layout_basic, minmay_statues_item
D:2:      layout_basic
D:3:      layout_loops_corners
D:4:      layout_basic
D:5:      layout_rooms, uniq_edmund
D:6:      layout_basic, minmay_temple_entry_tees, uniq_sigmund
Temple:   compressed_dpeg_circular_temple

Skill      XL: |  1  2  3  4  5  6  7 |
---------------+----------------------+-----
Conjurations   | 2 3 |  3.1
Fighting       | 1 2 |  2.8
Throwing       | 1 |  1.2
Short Blades   | 2 |  2.8
Air Magic      | 1 2 |  2.9
Poison Magic   | 1 2 |  2.9
Fire Magic     | 2 |  2.9
Dodging        | |  2.3
Stealth        | |  2.0
Spellcasting   | |  3.2
Summonings     | |  1.0
Translocations | |  1.0

Action                   |  1- 3 |  4- 6 |  7- 9 || total
-------------------------+-------+-------+-------++-------
Melee: Dagger            |    52 |    78 |       ||   130
       Hand axe          |       |     1 |    57 ||    58
Throw: Dart              |     5 |    19 |    13 ||    37
 Cast: Magic Dart        |    67 |    92 |     9 ||   168
       Call Imp          |       |    16 |     1 ||    17
       Blink             |       |    13 |     1 ||    14
       Conjure Flame     |       |     2 |     2 ||     4
       Mephitic Cloud    |       |       |     3 ||     3
Evoke: Wand              |       |     6 |       ||     6
  Use: Scroll            |     1 |     4 |       ||     5
       Potion            |       |     4 |     2 ||     6
 Stab: Distracted        |     1 |       |       ||     1
       Sleeping          |       |     1 |     1 ||     2
Armor: Robe              |     6 |     3 |     9 ||    18
       Leather armour    |     3 |    16 |       ||    19
Dodge: Dodged            |    46 |   112 |    43 ||   201
